 Dungeon Crawl Stone Soup version 0.16-a0-347-ge97bf62 (webtiles) character file.

360 PolkaDot the Caller (level 6, -4/41 HPs)
             Began as a Vampire Summoner on Sept 9, 2014.
             Slain by Blork the orc
             ... wielding a +0 glaive
              (11 damage)
             ... on Level 4 of the Dungeon on Sept 10, 2014.
             The game lasted 00:13:30 (3063 turns).

PolkaDot the Caller (Vampire Summoner)              Turns: 3063, Time: 00:13:30

HP  -4/41        AC  2     Str  7      XL: 6   Next: 38%
MP   5/10        EV 16     Int 19      God:
Gold 79          SH  0     Dex 19      Spells:  3 memorised,  3 levels left

rFire  . . .     SeeInvis +     d - +0 spear
rCold  . . .     Clarity  .     r - -1 leather armour (curse)
rNeg   . . .     rCorr    .     (no shield)
rPois  .         rRot     .     (no helmet)
rElec  .         Spirit   .     (no cloak)
SustAb +         Warding  .     (no gloves)
rMut   .         Stasis   .     (no boots)
Gourm  .                        (no amulet)
MR     .....                    (no ring)
                                c - ring of sustain abilities

@: agile, exhausted, regenerating quickly, slowed, very slow, not resistant to
hostile enchantments, stealthy
A: bottle blood, fangs 3, see invisible, unbreathing
a: Bottle Blood


You were on level 4 of the Dungeon.
You were very full.

You visited 1 branch of the dungeon, and saw 4 of its levels.

You collected 79 gold pieces.

Inventory:

Hand weapons
 d - a +0 spear (weapon)
Armour
 j - a +0 robe of positive energy
 r - a cursed -1 leather armour (worn)
Magical devices
 a - a wand of cold (5) {unknown}
 e - a wand of draining (6)
Scrolls
 f - a scroll of immolation
 i - a scroll of fear {unknown}
 k - a scroll of fog {unknown}
 o - a scroll of remove curse {unknown}
 s - a scroll of recharging {unknown}
 t - a scroll of amnesia {unknown}
Jewellery
 c - a ring of sustain abilities (left hand)
 h - a cursed amulet of faith {unknown}
Potions
 l - a potion of restore abilities
 m - a potion of curing
 n - a potion of blood {@*1}
Books
 b - a book of Callings

   Spells                             Type                      Level
   *Summon Small Mammal               Summoning                    1
   *Call Imp                          Summoning                    2
   *Call Canine Familiar              Summoning                    3
   Summon Guardian Golem              Hexes/Summoning              4
   Summon Lightning Spire             Summoning/Air                4
   Summon Ice Beast                   Ice/Summoning                4


   Skills:
 - Level 2.1 Dodging
 - Level 3.0 Stealth
 - Level 2.0 Spellcasting
 * Level 7.8 Summonings


You had 3 spell levels left.
You knew the following spells:

 Your Spells              Type           Power        Failure   Level  Hunger
a - Summon Small Mammal   Summ           ####         1%          1    #......
d - Call Canine Familiar  Summ           ####....     1%          3    ####...
s - Call Imp              Summ           ####....     1%          2    ##.....


Dungeon Overview and Level Annotations

Branches:
Dungeon (4/15)
 Temple: D:4-7

Altars:
Vehumet
Xom

Shops:
D:4 %![

Annotations:
D:4 Blork the orc


Innate Abilities, Weirdness & Mutations

Your natural rate of healing is unusually fast.
You can bottle blood from corpses.
You have razor-sharp teeth.
You have supernaturally acute eyesight.
You can survive without breathing.


Message History

The hound barely misses you.
Your hound bites the hound.
You feel a strong urge to attack something.
Blork the orc hits your hound with a glaive!
You feel your anger subside.
You are no longer berserk.
You are exhausted.
You feel yourself slow down.
Your hound bites the hound.
The hound bites your hound. The hound closely misses your hound.
Your hound bites the hound.
The hound dies!
Blork the orc hits your hound with a glaive.
Your hound bites Blork the orc but does no damage.
Blork the orc casts a spell at you. The puff of flame hits your hound.
Your hound dies!
Your hound's corpse disappears in a puff of smoke!
There is a stone staircase leading up here.
Blork the orc closely misses you.
Blork the orc hits you from afar with a glaive!
You die...

................#
................##
...................(.
.......%.........##...
......................
.......<...∩...........
..............###.....##
................∩......#
..............o)@......#
...............)?#...#..#
...........∩..)).#......
##.................#.###
#....................#
..................##.#
.......#..........# #
.#...............##
#....##....##.....#


You could see Blork the orc.

Vanquished Creatures
  Jessica (D:3)
  An adder (D:2)
  2 giant geckos
  7 orcs
  2 giant cockroaches (D:1)
  10 goblins
  4 hobgoblins
  4 jackals
  An ooze (D:3)
  3 quokkas (D:3)
  4 bats
  5 giant newts
  14 kobolds
  11 rats
  7 toadstools (D:1)
76 creatures vanquished.

Vanquished Creatures (collateral kills)
  Grinder (D:3)
  A hound (D:4)
  An orc priest (D:4)
  An orc wizard (D:4)
  Ijyb (D:2)
  A mummy (D:4)
  5 adders
  A worm (D:2)
  A giant gecko (D:3)
  8 orcs
  A giant cockroach (D:3)
  A goblin (D:3)
  2 kobolds (D:3)
  A rat (D:3)
26 creatures vanquished.

Vanquished Creatures (others)
  2 crimson imps
  5 hounds
  2 white imps
  A shadow imp (D:3)
10 creatures vanquished.

Grand Total: 112 creatures vanquished

Notes
Turn   | Place    | Note
--------------------------------------------------------------
     0 | D:1      | PolkaDot, the Vampire Summoner, began the quest for the Orb.
     0 | D:1      | Reached XP level 1. HP: 13/13 MP: 3/3
   221 | D:1      | Reached XP level 2. HP: 19/19 MP: 4/4
   373 | D:1      | Found a shimmering altar of Xom.
   373 | D:1      | Found a shimmering altar of Xom.
   373 | D:1      | Found a shimmering altar of Xom.
   374 | D:1      | Found a shimmering altar of Xom.
   374 | D:1      | Found a shimmering altar of Xom.
   374 | D:1      | Found a shimmering altar of Xom.
   587 | D:1      | Reached skill level 5 in Summonings
   587 | D:1      | Reached XP level 3. HP: 17/24 MP: 6/6
   739 | D:1      | Learned a level 3 spell: Call Canine Familiar
   800 | D:2      | Learned a level 2 spell: Call Imp
   838 | D:2      | HP: 1/24 [poisoned by an adder]
  1302 | D:2      | Noticed Ijyb
  1326 | D:2      | Killed Ijyb
  1326 | D:2      | Reached XP level 4. HP: 6/30 MP: 2/7
  1610 | D:3      | Noticed Grinder
  1939 | D:3      | Reached skill level 6 in Summonings
  2118 | D:3      | Noticed Jessica
  2124 | D:3      | Killed Jessica
  2236 | D:3      | Killed Grinder
  2236 | D:3      | Reached skill level 7 in Summonings
  2236 | D:3      | Reached XP level 5. HP: 17/35 MP: 1/9
  2236 | D:3      | Reached XP level 6. HP: 19/41 MP: 1/10
  2666 | D:3      | Found a radiant altar of Vehumet.
  2985 | D:4      | Found Xaoqaen's Food Emporium.
  2991 | D:4      | Found Coeqes' Antique Armour Shoppe.
  2991 | D:4      | Found Iceqapp's Distillery.
  3046 | D:4      | Noticed Blork the orc
  3063 | D:4      | Slain by Blork the orc

Action                   |  1- 3 |  4- 6 || total
-------------------------+-------+-------++-------
Melee: Spear             |   186 |   159 ||   345
       Unarmed           |    20 |       ||    20
 Cast: Call Canine Famil |     3 |     8 ||    11
       Call Imp          |     1 |    13 ||    14
       Summon Small Mamm |       |     1 ||     1
 Abil: Bottle Blood      |       |     2 ||     2
  Use: Potion            |     2 |     7 ||     9
       Scroll            |       |     3 ||     3
 Stab: Sleeping          |     6 |     9 ||    15
       Distracted        |     2 |     1 ||     3
  Eat: Corpse            |    14 |    14 ||    28
